 Dungeon Crawl Stone Soup version 0.30.0-5-g1a98f26d00 (webtiles) character file.

Game seed: 3735454134708790774

3 hawla the Firebug (level 1, -7/14 HPs)
             Began as a Meteoran Fire Elementalist on May 8, 2023.
             Mangled by an ice beast (10 damage)
             ... on level 6 of the Dungeon.
             The game lasted 00:01:23 (161 turns).

hawla the Firebug (Meteoran Fire Elementalist)       Turns: 161, Time: 00:01:24

Health: -7/14      AC:  2    Str:  9    XL:     1   Next: 71%
Magic:  2/5        EV: 12    Int: 16    God:
Gold:   9          SH:  0    Dex: 14    Spells: 4/5 levels left

rFire   . . .        (no weapon)
rCold   . . .        (no shield)
rNeg    . . .        a - +0 robe
rPois   .            (no helmet)
rElec   .            (no cloak)
rCorr   .            (no gloves)
SInv    .            (no boots)
Will    .....        (no amulet)
Stlth   +            (no ring)
HPRegen 0.22/turn    (no ring)
MPRegen 0.09/turn

%: no passive effects
@: glowing
A: sense surroundings 1, otherworldly, glowing, explore regen
a: no special abilities


You were on level 6 of the Dungeon.
You visited 1 branch of the dungeon, and saw 4 of its levels.

You collected 9 gold pieces.

Inventory:

Armour
 a - a +0 robe (worn)
Wands
 d - a wand of flame (22) (quivered)
Potions
 b - a potion of magic
 c - a potion of resistance {unknown}


   Skills:
 - Level 2.4 Dodging
 - Level 1.4 Stealth
 - Level 2.8 Spellcasting
 - Level 1.2 Conjurations
 - Level 3.8 Fire Magic


You had 4 spell levels left.
You knew the following spells:

 Your Spells              Type           Power      Damage    Failure   Level
a - Foxfire               Conj/Fire      40%        2x1d6     7%          1

Your spell library contained the following spells:

 Spells                   Type           Power      Damage    Failure   Level
 Scorch                   Fire           28%        2d6       6%          2
 Inner Flame              Hex/Fire       8%         N/A       26%         3
 Volatile Blastmotes      Fire/Tloc      16%        2d11      26%         3
 Flame Wave               Conj/Fire      10%        2d6       56%         4


Dungeon Overview and Level Annotations

Branches:
Dungeon (3/15) Zot: 2239

Altars:
Dithmenos
Xom


Innate Abilities, Weirdness & Mutations

You passively map a small area around you.
You are easily found by Zot.
You glow in the dark.
You regain HP and MP as you explore.


Message History

The foxfire hits the scorpion.
The scorpion is heavily wounded.
The foxfire hits the scorpion but does no damage.
The scorpion is heavily wounded.
Casting: Foxfire (safe; 7% risk of failure)
Confirm with . or Enter, or press ? or * to list all spells.
You conjure some foxfire!
The foxfire hits the scorpion but does no damage.
The scorpion is heavily wounded.
The foxfire hits the scorpion.
The scorpion is heavily wounded.
Unknown command.
The foxfire hits the scorpion.
The scorpion is severely wounded.
The foxfire hits the scorpion.
The scorpion is severely wounded.
The scorpion closely misses you.
Really walk into that teleport trap?
You enter a teleport trap!
The teleport trap disappears.
Your surroundings suddenly seem different.
Found 18 gold pieces.
An ice beast comes into view.
Found a mace.
Found a shadowy altar of Dithmenos.
Found a stone staircase leading down.
The ice beast barely misses you.
Casting: Foxfire (safe; 7% risk of failure)
Confirm with . or Enter, or press ? or * to list all spells.
You don't know that spell.
Casting: Foxfire (safe; 7% risk of failure)
Confirm with . or Enter, or press ? or * to list all spells.
You conjure some foxfire!
The ice beast hits you. The ice beast freezes you!
Ouch! That really hurt!
* * * LOW HITPOINT WARNING * * *
The foxfire hits the ice beast but does no damage. x2
You see here a +0 mace.
The ice beast attacks as you move away! The ice beast hits you.
* * * LOW HITPOINT WARNING * * *
The ice beast freezes you!
Ouch! That really hurt!
You die...

######### * #.......#
, #....... , #......,*
,* .>...,, , ###..#
#...@# #* #..##Y#
#......
####.###.#######......
,
......§...............
,
#######..#######.....
,,* , , _#..# ###⌠###
* ,#.## ## ##...~.## ,
* ,..# ##.##.^.≈.s.##
* ,
.#####..##.#~....~#


You could see an ice beast.

Vanquished Creatures
  A giant cockroach (D:2)
  A bat (D:2)
  A frilled lizard (D:3)
  A rat (D:3)
4 creatures vanquished.

Vanquished Creatures (others)
  23 foxfires
23 creatures vanquished.

Grand Total: 27 creatures vanquished

Notes
Turn   | Place    | Note
-------+----------+-------------------------------------------
     0 | D:1      | hawla the Meteoran Fire Elementalist began the quest for
                  | the Orb.
     0 | D:1      | Reached XP level 1. HP: 14/14 MP: 5/5
   132 | D:3      | You fall into a shaft and drop 3 floors!
   132 | D:6      | Found a shimmering altar of Xom.
   132 | D:6      | Found a shimmering altar of Xom.
   137 | D:6      | Noticed a scorpion
   154 | D:6      | Found a shadowy altar of Dithmenos.
   154 | D:6      | Noticed an ice beast
   161 | D:6      | Mangled by an ice beast

Illustrated notes

Levels and vault maps discovered:
D:1:      saegor_arrival_simple_d, layout_rooms
D:2:      layout_loops_ring, hellmonk_ecumenical_altar_watching_god,
          minmay_fountain_box, minivault_26, minmay_indecisive_spiral
D:3:      layout_loops_ring
D:6:      hangedman_cross_stitches, layout_rooms, xom_redecorated,
          makhleb_heckhound_becter, mainiacjoe_overflow_tiny_flanked,
          mainiacjoe_overflow_alcove_3

Action                     || total
---------------------------++-------
   Cast: Foxfire           ||    12
  Evoke: Wand              ||     1
 Armour: Robe              ||     1
  Dodge: Dodged            ||     5
